 Dungeon Crawl Stone Soup version 0.24-a0-189-g5d897e9 (webtiles) character file.

Game seed: 12763193873628675936

7 silenth the Cudgeler (level 2, -1/31 HPs)
             Began as an Ogre Gladiator on Mar 16, 2019.
             Succumbed to a kobold's poison
             ... on level 1 of the Dungeon.
             The game lasted 00:00:32 (321 turns).

silenth the Cudgeler (Ogre Gladiator)                Turns: 321, Time: 00:00:32

Health: -1/31      AC:  3    Str: 19    XL:     2   Next: 4%
Magic:  2/2        EV: 10    Int:  9    God:
Gold:   32         SH:  0    Dex: 10    Spells: 1/1 levels left

rFire    . . .     SeeInvis .   a - +0 flail
rCold    . . .     Gourm    .   (no shield)
rNeg     + . .     Faith    .   b - +0 robe
rPois    .         Spirit   .   c - +0 hat
rElec    .         Reflect  .   (no cloak)
rCorr    .         Harm     .   (gloves unavailable)
MR       .....                  (boots unavailable)
Stlth    +.........             (no amulet)
HPRegen  0.10/turn              i - ring of positive energy
MPRegen  0.08/turn              (no ring)

@: lethally poisoned (-1 -> -47), very slightly contaminated, invisible
A: large, unfitting armour, antennae 1, strong 1, tough skin 1
a: no special abilities


You were on level 1 of the Dungeon.
You were not hungry.

You visited 1 branch of the dungeon, and saw 1 of its levels.

You collected 32 gold pieces.

Inventory:

Hand Weapons
 a - a +0 flail (weapon)
Missiles
 d - 3 throwing nets (quivered)
Armour
 b - a +0 robe (worn)
 c - a +0 hat (worn)
Jewellery
 i - a ring of positive energy (left hand)
Scrolls
 g - a scroll of blinking {unknown}
Comestibles
 e - a ration


   Skills:
 + Level 3.0 Fighting
 * Level 3.0 Maces & Flails
 - Level 2.0 Throwing
 - Level 2.6 Dodging
 + Level 0.3 Stealth


You had one spell level left.
You didn't know any spells.
Your spell library was empty.

Dungeon Overview and Level Annotations

Branches:
Dungeon (1/15)

Altars:


Innate Abilities, Weirdness & Mutations

You are too large for most types of armour.
You have tough skin. (AC +1)
You have a pair of small antennae on your head.
Your muscles are strong. (Str +2)


Message History

The kobold hits you from afar with a +0 spear.
The kobold barely misses you. The kobold hits you but does no damage.
You are too injured to fight recklessly!
You are too injured to fight recklessly!
* * * LOW HITPOINT WARNING * * *
You feel very sick.
* * * LOW HITPOINT WARNING * * *
You feel very sick. The kobold barely misses you.
It was a potion of invisibility.
You fade into invisibility!
* * * LOW HITPOINT WARNING * * *
You feel very sick. The kobold hits you but does no damage.
You are more poisoned.
The kobold closely misses you.
You are very lightly contaminated with residual magic.
It was a potion of mutation.
You feel extremely strange.
You feel stronger. A pair of antennae grows on your head!
You die...

###### ############
......#####..........#
............(........#
..........(.(........###
.....?.................#
.........@.#####†......#
#.....KK..#...........###
#......####.......(.....#
#......# #.(...........#
#......# #......÷......#
........#
#.......÷..#...#
........#
#.....#........#
.....$..#
#.....#.........
......###
#######.........


You could see 2 kobolds.

Vanquished Creatures
  A ball python (D:1)
  A bat (D:1)
  A giant cockroach (D:1)
  A hobgoblin (D:1)
  2 kobolds (D:1)
  A rat (D:1)
7 creatures vanquished.

Notes
Turn   | Place    | Note
-------+----------+-------------------------------------------
     0 | D:1      | silenth the Ogre Gladiator began the quest for the Orb.
     0 | D:1      | Reached XP level 1. HP: 22/22 MP: 1/1
   113 | D:1      | Reached skill level 3 in Fighting
   113 | D:1      | Reached skill level 3 in Maces & Flails
   113 | D:1      | Reached XP level 2. HP: 11/31 MP: 2/2
   320 | D:1      | HP: 3/31 [poisoned by a kobold]
   321 | D:1      | Gained mutation: Your muscles are strong. (Str +2) [potion
                  | of mutation]
   321 | D:1      | Gained mutation: You have a pair of small antennae on your
                  | head. [potion of mutation]
   321 | D:1      | Succumbed to a kobold's poison

Levels and vault maps discovered:
D:1:      nzn_arrival_crosshair, layout_basic

Skill      XL: |  1 |
---------------+----+-----
Fighting       | 3 |  3.0
Maces & Flails | 3 |  3.0
Throwing       | |  2.0
Dodging        | |  2.6
Stealth        | |  0.3

Action                   || total
-------------------------++-------
Melee: Flail             ||    34
  Use: Potion            ||     2
Armor: Robe              ||    14
Dodge: Dodged            ||    32

Table legend:
 A = Non-vault XP
 B = Vault XP
 C = Vault XP percentage of total XP
 D = Non-vault monster count
 E = Vault monster count
 F = Vault count percentage of total count
                 A         B        C        D         E       F
            +---------+---------+-------+---------+---------+-------
      Total |      11 |       0 |   0.0 |       7 |       0 |   0.0
            +---------+---------+-------+---------+---------+-------
        D:1 |      11 |       0 |   0.0 |       7 |       0 |   0.0
            +---------+---------+-------+---------+---------+-------
